 Dungeon Crawl Stone Soup version 0.27-a0-1565-gad902ab807 (webtiles) character file.

Game seed: 9398275564444606690

142 quinnr the Caller (level 5, -4/28 HPs)
             Began as a Tengu Summoner on July 16, 2021.
             Killed by divine providence
             ... invoked by an orc priest
              (16 damage)
             ... on level 3 of the Dungeon.
             The game lasted 00:09:21 (3503 turns).

quinnr the Caller (Tengu Summoner)                  Turns: 3503, Time: 00:09:22

Health: -4/28      AC:  2    Str:  6 (8)  XL:     5   Next: 25%
Magic:  4/10       EV: 14    Int: 14 (16) God:
Gold:   88         SH:  0    Dex: 14 (15) Spells: 2/10 levels left

rFire    . . .     SeeInvis .   (no weapon)
rCold    . . .     Faith    .   (no shield)
rNeg     . . .     Spirit   .   a - +0 robe
rPois    .         Reflect  .   (helmet restricted)
rElec    .         Harm     .   (no cloak)
rCorr    .         Rampage  .   (no gloves)
Will     .....                  (boots unavailable)
Stlth    ++........             (no amulet)
HPRegen  0.09/turn              (no ring)
MPRegen  0.12/turn              (no ring)

@: flying quickly and evasively, quick
A: beak, talons 3, nimble flight
a: no special abilities


You were on level 3 of the Dungeon.
You visited 1 branch of the dungeon, and saw 3 of its levels.

You collected 88 gold pieces.

Inventory:

Missiles
 f - 21 poisoned darts
Armour
 a - a +0 robe (worn)
Wands
 j - a wand of flame (19)
 k - a wand of iceblast (3)
Scrolls
 b - 2 scrolls of amnesia {unknown}
 d - 2 scrolls of brand weapon {unknown}
 e - 2 scrolls of identify {unknown}
 g - 2 scrolls of blinking {unknown}
 i - 3 scrolls of teleportation {unknown}
 n - a scroll of fear {unknown}
 o - a scroll of vulnerability {unknown}
Potions
 h - a potion of magic {unknown}
 l - a potion of attraction {unknown}
 m - a potion of curing {unknown}


   Skills:
 - Level 2.1 Dodging
 - Level 2.0 Stealth
 - Level 3.0 Spellcasting
 + Level 6.4 Summonings
 - Level 2.0 Necromancy
 + Level 1.3 Air Magic


You had 2 spell levels left.
You knew the following spells:

 Your Spells              Type           Power      Damage    Failure   Level
a - Summon Small Mammal   Summ           80%        N/A       1%          1
b - Call Imp              Summ           20%        N/A       2%          2
c - Pain                  Necr           28%        1d5       10%         1
d - Summon Lightning Spi  Summ/Air       12%        N/A       41%         4

Your spell library contained the following spells:

 Spells                   Type           Power      Damage    Failure   Level
 Call Canine Familiar     Summ           20%        N/A       4%          3
 Summon Guardian Golem    Hex/Summ       11%        N/A       17%         3
 Conjure Flame            Conj/Fire      2%         6-21      54%         3
 Ignite Poison            Fire/Tmut/Pois 2%         N/A       54%         3
 Sticky Flame             Conj/Fire      2%         2d3       91%         4
 Agony                    Necr           7%         N/A       95%         5
 Excruciating Wounds      Necr           3%         N/A       95%         5


Dungeon Overview and Level Annotations

Branches:
Dungeon (3/15)

Altars:


Innate Abilities, Weirdness & Mutations

You have a beak for a mouth.
You have claws for feet.
Your magical nature lets you fly swiftly and evasively.


Message History

r - Retreat! s - Stop attacking. g - Guard the area. f - Follow me.
Anything else - Cancel.
Gang up on whom?
Press: ? - help, Dir - move target, f/p - adder
Aim: an adder (severely wounded, ally target) Attack!
Your white imp hits the adder.
Your white imp freezes the adder.
The adder dies!
Your crimson imp blinks!
Unknown command.
What are your orders? t - Shout!
Orders for allies: a - Attack new target. r - Retreat! s - Stop attacking. g - Guard the area. f - Follow me.
Anything else - Cancel.
Gang up on whom?
Press: ? - help, Dir - move target, f - orc priest
Aim: an orc priest, wielding a +0 flail and wearing a +0 leather armour (ally target) Attack!
Your white imp hits the orc priest.
Your white imp freezes the orc priest.
The orc priest mumbles some strange prayers to Beogh against you.
Beogh smites you!
Ouch! That really hurt!
Unknown command.
Casting: Call Imp (safe; 1% risk of failure)
Confirm with . or Enter, or press ? or * to list all spells.
A beastly little devil appears in a puff of frigid air.
Your white imp hits the orc priest.
Your white imp freezes the orc priest.
The orc priest hits your white imp with a +0 flail.
Unknown command.
It was a potion of degeneration.
There was something very wrong with that liquid.
You feel weakened.
You feel dopey.
You feel clumsy.
Your white imp hits the orc priest.
Your white imp freezes the orc priest.
An orc comes into view. It is wielding a +0 mace.
The orc priest mumbles some strange prayers to Beogh against you.
Beogh smites you!
Ouch! That really hurt!
You die...

...# #.# #.....
##.....o...##.# #.5...
#..........$#.## #.....
#........oo⌠#..###.....
#..... #.5.5......
#.... #.####..... #...
##.# #.....
#.o#########..# #.####
#..oo5@.55...## #+#
#)#########...# ...
#.#.# #... #.#.# .g...
..#.# ...... ####.#
....... .# .....##


You could see an orc priest (ally target), an orc wizard, an orc, a friendly
crimson imp (summoned) and 2 friendly white imps.

Vanquished Creatures
  An adder (D:2)
  2 ball pythons (D:2)
  An endoplasm (D:2)
  A giant cockroach (D:3)
  A jackal (D:1)
  4 goblins
  3 kobolds (D:2)
  A rat (D:1)
14 creatures vanquished.

Vanquished Creatures (collateral kills)
  A centaur skeleton (D:2)
  Ijyb (D:3)
  Natasha (thrice) (D:2)
  An iguana (D:3)
  2 adders (D:3)
  2 worms (D:2)
  2 dart slugs
  An orc (D:3)
  4 ball pythons
  3 bats
  5 endoplasms
  2 giant cockroaches
  2 goblins
  3 hobgoblins
  7 kobolds
  3 quokkas
  A frilled lizard (D:2)
  2 rats
45 creatures vanquished.

Grand Total: 59 creatures vanquished

Notes
Turn   | Place    | Note
-------+----------+-------------------------------------------
     0 | D:1      | quinnr the Tengu Summoner began the quest for the Orb.
     0 | D:1      | Reached XP level 1. HP: 10/10 MP: 4/4
   418 | D:1      | Reached skill level 5 in Summonings
   488 | D:1      | Reached XP level 2. HP: 15/15 MP: 0/6
   491 | D:1      | Learned a level 2 spell: Call Imp
   493 | D:1      | Learned a level 1 spell: Pain
  1220 | D:2      | Noticed Natasha
  1233 | D:2      | Killed Natasha
  1234 | D:2      | Reached skill level 1 in Necromancy
  1234 | D:2      | Reached XP level 3. HP: 19/19 MP: 3/7
  1445 | D:2      | Noticed Natasha
  1453 | D:2      | Killed Natasha
  1454 | D:2      | Reached XP level 4. HP: 19/24 MP: 3/9
  1508 | D:2      | Learned a level 4 spell: Summon Lightning Spire
  1671 | D:2      | Noticed Natasha
  1742 | D:2      | Killed Natasha
  2728 | D:2      | Reached skill level 6 in Summonings
  3268 | D:3      | Gained mutation: Your magical nature lets you fly swiftly
                  | and evasively. [Tengu growth]
  3268 | D:3      | Reached XP level 5. HP: 28/28 MP: 10/10
  3441 | D:3      | Noticed Ijyb
  3466 | D:3      | Killed Ijyb
  3467 | D:3      | Reached skill level 1 in Air Magic
  3503 | D:3      | Killed from afar by an orc priest

Illustrated notes

Levels and vault maps discovered:
D:1:      lightli_arrival_lavapool, layout_rooms, minmay_ruptured
D:2:      layout_basic, grunt_decor_mini_mirrors, uniq_natasha
D:3:      cheibrodos_pilgrimage, layout_basic, uniq_ijyb

Skill      XL: |  1  2  3  4  5 |
---------------+----------------+-----
Summonings     | 5 6 |  6.4
Necromancy     | 1 2 |  2.0
Spellcasting   | 3 |  3.0
Air Magic      | 1 |  1.3
Dodging        | |  2.1
Stealth        | |  2.0

Action                   |  1- 3 |  4- 6 || total
-------------------------+-------+-------++-------
Melee: Unarmed           |    16 |    35 ||    51
       Kick              |     4 |     6 ||    10
       Peck              |     3 |     4 ||     7
 Cast: Summon Small Mamm |    47 |    14 ||    61
       Call Imp          |    10 |    38 ||    48
       Pain              |       |    11 ||    11
  Use: Potion            |       |     1 ||     1
Armor: Robe              |     6 |     5 ||    11
Dodge: Dodged            |    13 |    27 ||    40

Table legend: (Time is in decaauts)
 A = Elapsed time spent in this place.
 B = Non-inter-level travel time spent in this place.
 C = Inter-level travel time spent in this place.
 D = Time resting spent in this place.
 E = Time spent auto-exploring this place.
 F = Levels seen in this place.
 G = Mean time per level.
                   A        B        C        D        E       F      G
               +--------+--------+--------+--------+--------+-----+--------+
         Total |   3496 |   3381 |    115 |    100 |   2646 |   3 | 1165.3 |
       Dungeon |   3496 |   3381 |    115 |    100 |   2646 |   3 | 1165.3 |
               +--------+--------+--------+--------+--------+-----+--------+

Top non-repeatable levels by time:
     D:2: 1663 daAuts
     D:1: 1235 daAuts
     D:3: 597 daAuts
